AoeStats
← Doak

Arena

509670251Analyzed
2v2 RM · 6d ago on Sep 27, 2026· 18m 44s· 4 players
Game mode
Random Map
Map size
Medium (4 player)
Population
200
Speed
Normal
Resources
Standard
Victory
Conquest
Starting age
Dark Age
Ending age
Imperial Age
RankedLock teamsTeams togetherTeam positionsShared explorationLock speedFull tech treeHidden civsTurbo modeCheats
Victory
Defeat
🇬🇧 Cumans · United Kingdom
1428
+12
🇺🇸 Khmer · United States
1353
+15
🇲🇽 Cumans · Mexico
1386
-15
1304
-12
luislm6621
5:52 Loom
8:13 Feudal Age
9:00 Double-Bit Axe
11:11 Town Watch
15:55 Wheelbarrow
17:51 Forging
18:24 Bloodlines
UF.Divine.Retirado.EscalaAnark
10:11 Feudal Age
14:33 Castle Age
13:09 Double-Bit Axe
13:48 Horse Collar
16:33 Loom
some.spiced.ham
8:52 Feudal Age
12:25 Castle Age
11:58 Loom
Doak
9:09 Feudal Age
9:03 Loom
14:26 Double-Bit Axe
16:28 Horse Collar
18:59 Scale Barding Armor
Connection lost

Rejoining the realm…

Still unreachable

The connection could not be restored.

Session expired

The server has moved on; the page needs a fresh start.